 Dungeon Crawl Stone Soup version 0.29.1-15-g9cfb28693d (webtiles) character file.

Game seed: 1765631271410633561

9398 Alturiack the Tainter (level 11, -3/47 HPs)
             Began as a Spriggan Venom Mage on Apr 10, 2023.
             Was a Follower of Vehumet.
             Killed from afar by an acid dragon (10 damage)
             ... with a splash of acid
             ... on level 11 of the Dungeon on Apr 11, 2023.
             The game lasted 01:30:06 (19170 turns).

Alturiack the Tainter (Spriggan Venom Mage)        Turns: 19170, Time: 01:30:06

Health: -3/47      AC:  7    Str:  4    XL:     11   Next: 22%
Magic:  24/26      EV: 25    Int: 26    God:    Vehumet [*.....]
Gold:   539        SH:  0    Dex: 17    Spells: 24/31 levels left

rFire   . . .      SeeInvis +   L - +0 sling
rCold   . . .      Faith    .   (no shield)
rNeg    . . .      Spirit   .   P - +0 acid dragon scales
rPois   .          Reflect  .   (helmet restricted)
rElec   .          Harm     .   I - +0 cloak
rCorr   +          Rampage  .   (gloves unavailable)
Will    +....                   (boots unavailable)
Stlth   ++........              M - amulet of regeneration
HPRegen 0.95/turn               n - +4 ring of evasion
MPRegen 0.20/turn               t - +6 ring of intelligence

@: very quick
A: very small, no large weapons, unfitting armour, see invisible, speed 3
a: Renounce Religion


You were on level 11 of the Dungeon.
You worshipped Vehumet.
Vehumet was aware of your devotion.
You visited 1 branch of the dungeon, and saw 11 of its levels.

You collected 597 gold pieces.
You spent 58 gold pieces at shops.

Inventory:

Hand Weapons
 l - a +4 dagger of venom
 y - a +2 short sword of protection
 H - a +2 vorpal spear
 L - a +0 sling (weapon)
Armour
 i - a +2 robe of willpower
 u - an orb of wrath
 I - a +0 cloak (worn)
 P - +0 acid dragon scales (worn)
 S - a +0 troll leather armour
Magical Staves
 k - a staff of conjuration
 N - a staff of death
Jewellery
 n - a +4 ring of evasion (left hand)
 t - a +6 ring of intelligence (right hand)
 M - an amulet of regeneration (around neck)
 R - an amulet of guardian spirit
Wands
 m - a wand of charming (3)
 D - a wand of digging (5)
 G - a wand of mindburst (22)
 O - a wand of flame (10)
Scrolls
 a - a scroll of butterflies {unknown}
 c - 11 scrolls of identify {unknown}
 d - a scroll of amnesia {unknown}
 e - a scroll of acquirement {unknown}
 f - a scroll of enchant armour {unknown}
 p - 5 scrolls of teleportation {unknown}
 r - 5 scrolls of noise {unknown}
 w - a scroll of silence {unknown}
 x - a scroll of magic mapping {unknown}
 B - a scroll of immolation {unknown}
 C - a scroll of vulnerability {unknown}
 E - 5 scrolls of fear {unknown}
 J - a scroll of torment {unknown}
Potions
 b - 4 potions of magic
 g - 2 potions of might {unknown}
 h - a potion of experience {unknown}
 j - a potion of ambrosia {unknown}
 o - 6 potions of mutation {unknown}
 q - 5 potions of attraction {unknown}
 s - a potion of invisibility {unknown}
 v - 2 potions of lignification {unknown}
 z - 7 potions of heal wounds
 A - a potion of brilliance {unknown}
 F - 2 potions of degeneration {unknown}
 Q - 2 potions of curing


   Skills:
 * Level 0.1 Ranged Weapons
 + Level 11.9 Dodging
 - Level 3.0 Stealth
 + Level 10.9 Spellcasting
 * Level 1.5 Transmutations
 + Level 12.7 Poison Magic


You had 24 spell levels left.
You knew the following spells:

 Your Spells              Type           Power      Damage    Failure   Level
a - Sting                 Tmut/Pois      100%       1d8       1%          1
b - Poisonous Vapours     Pois/Air       94%        N/A       1%          2
c - Olgreb's Toxic Radia  Pois           69%        N/A       1%          4

Your spell library contained the following spells:

 Spells                   Type           Power      Damage    Failure   Level
 Foxfire                  Conj/Fire      56%        2x1d6     11%         1
 Mephitic Cloud           Conj/Pois/Air  36%        N/A       5%          3
 Blink                    Tloc           28%        N/A       16%         2
 Confusing Touch          Hex            14%        N/A       30%         3
 Yara's Violent Unravell  Hex/Tmut       9%         3d6       91%         5
 Manifold Assault         Tloc           14%        N/A       96%         5
 Enfeeble                 Hex            7%         N/A       100%        7
 Storm Form               Tmut/Air       9%         N/A       100%        7


Dungeon Overview and Level Annotations

Branches:
Dungeon (11/15)            Temple (0/1) D:4             Orc (0/2) D:9
   Lair: D:8-11

Altars:
Dithmenos
Fedhas
Kikubaaqudgha
Makhleb
Uskayaw
Vehumet
Xom

Shops:
D:7 [


Innate Abilities, Weirdness & Mutations

You are very small and have problems with some larger weapons.
You are too small for most types of armour.
You have supernaturally acute eyesight. (SInv)
You cover ground extremely quickly. (Speed+++)


Message History

The acid dragon spits acid at you. The splash of acid hits you! You resist.
You are too injured to fight recklessly!
Found 11 gold pieces.
You are too injured to fight recklessly!
A centaur comes into view.
The centaur wields a +0 shortbow.
The centaur shoots an arrow.
The arrow completely misses you.
You are too injured to fight recklessly!
Casting: Olgreb's Toxic Radiance (dangerous; 1% risk of failure)
Confirm with . or Enter, or press ? or * to list all spells.
You begin to radiate toxic energy.
The centaur is poisoned.
The centaur looks even sicker.
The centaur shoots an arrow.
The arrow completely misses you. The acid dragon completely misses you.
The acid dragon misses you.
Casting: Olgreb's Toxic Radiance (dangerous; 1% risk of failure)
Press: ? - help, Q - select action, (/) - cycle Dir - look around, f - activate
Okay, then.
The centaur shoots an arrow.
The arrow closely misses you. The acid dragon spits acid at you.
The splash of acid misses you.
Your toxic aura wanes.
The centaur shoots an arrow.
The arrow completely misses you.
The centaur shoots an arrow.
The arrow completely misses you.
The centaur shoots an arrow.
The arrow completely misses you.
The centaur shoots an arrow.
The arrow misses you.
The centaur shoots an arrow.
The arrow hits you.
The centaur shoots an arrow.
The arrow hits you!
The centaur shoots an arrow.
The arrow closely misses you. The acid dragon spits acid at you.
The splash of acid hits you! You resist.
* * * LOW HITPOINT WARNING * * *
The centaur shoots an arrow.
The arrow hits you!
* * * LOW HITPOINT WARNING * * *
The centaur shoots an arrow.
The arrow closely misses you.
You kill the centaur!
Vehumet accepts your kill. The acid dragon spits acid at you.
The splash of acid hits you! You resist.
You die...

##...>..#.#..#...
#......##.#......
##....##.........
###..##..#.........
#....#.............
##.......D)........
##...#.....#......
#...#...#.#......
###....#$@.......
#....#.........
#...<##.......#
##.###......... ###
.........
###....#.# #...###
####


You could see an acid dragon (catching breath).

Vanquished Creatures
  A boulder beetle (D:9)
  A two-headed ogre (D:10)
  2 kobold demonologists (D:10)
  Maggie (D:8)
  A troll (D:9)
  2 hornets
  A shadow (D:9)
  Sigmund (D:4)
  22 yaks
  A wraith (D:9)
  A wyvern (D:9)
  A steam dragon (D:8)
  2 water moccasins
  2 orc warriors
  A sky beast (D:6)
  An ice beast (D:8)
  2 centaurs
  A phantom (D:4)
  4 kobold brigands
  A scorpion (D:7)
  A gnoll sergeant (D:6)
  A bullfrog (D:8)
  4 wights (D:8)
  12 killer bees
  A hound (D:4)
  8 orc priests
  2 jellies
  Jessica (D:3)
  6 orc wizards
  Ijyb (D:3)
  4 iguanas (D:6)
  Robin (D:3)
  7 adders
  11 gnolls
  3 shadow imps
  2 white imps
  An ufetubus (D:6)
  2 worms
  2 dart slugs
  30 orcs
  8 ball pythons
  6 bats
  7 endoplasms
  A giant cockroach (D:1)
  17 goblins
  10 hobgoblins
  11 jackals
  3 quokkas
  6 frilled lizards
  8 kobolds
  7 rats
233 creatures vanquished.

Notes
Turn   | Place    | Note
-------+----------+-------------------------------------------
     0 | D:1      | Alturiack the Spriggan Venom Mage began the quest for the
                  | Orb.
     0 | D:1      | Reached XP level 1. HP: 9/9 MP: 5/5
   169 | D:1      | Reached XP level 2. HP: 13/13 MP: 1/7
   933 | D:1      | Reached XP level 3. HP: 14/16 MP: 4/8
  1503 | D:1      | Learned a level 2 spell: Poisonous Vapours
  2408 | D:2      | Reached XP level 4. HP: 18/21 MP: 1/10
  2529 | D:2      | Reached skill level 4 in Poison Magic
  3347 | D:3      | Noticed Ijyb
  3381 | D:3      | Killed Ijyb
  3402 | D:3      | Noticed Jessica
  3417 | D:3      | Reached XP level 5. HP: 24/24 MP: 0/12
  3448 | D:3      | Killed Jessica
  4112 | D:3      | Learned a level 4 spell: Olgreb's Toxic Radiance
  4456 | D:3      | Noticed Robin
  4487 | D:3      | Killed Robin
  4780 | D:3      | Reached skill level 5 in Poison Magic
  4780 | D:3      | Reached XP level 6. HP: 28/28 MP: 6/14
  5311 | D:4      | Reached skill level 5 in Dodging
  5396 | D:4      | HP: 1/28 [phantom (5)]
  5779 | D:4      | Found a staircase to the Ecumenical Temple.
  6546 | D:4      | Noticed Sigmund
  6592 | D:4      | Killed Sigmund
  6593 | D:4      | Reached skill level 5 in Spellcasting
  6593 | D:4      | Reached skill level 6 in Poison Magic
  6593 | D:4      | Reached XP level 7. HP: 31/32 MP: 7/15
  7330 | D:5      | Entered Level 5 of the Dungeon
  9039 | D:6      | Reached skill level 7 in Poison Magic
  9236 | D:6      | Reached XP level 8. HP: 36/36 MP: 0/18
  9780 | D:7      | Found an ancient bone altar of Kikubaaqudgha.
  9780 | D:7      | Noticed a hornet
  9810 | D:7      | Killed a hornet
  9848 | D:7      | Reached skill level 8 in Poison Magic
  9969 | D:7      | Found a burning altar of Makhleb.
 10135 | D:7      | Found Ywkat Sao's Armour Shop.
 10911 | D:7      | Found a blossoming altar of Fedhas.
 11563 | D:7      | Bought a +0 cloak for 58 gold pieces
 13399 | D:8      | Reached XP level 9. HP: 39/39 MP: 9/21
 13402 | D:8      | Reached skill level 9 in Poison Magic
 13715 | D:8      | Reached skill level 10 in Poison Magic
 13907 | D:8      | Found a shimmering altar of Xom.
 13908 | D:8      | Found a radiant altar of Vehumet.
 13908 | D:8      | Found a shadowy altar of Dithmenos.
 13909 | D:8      | Found a hide-covered altar of Uskayaw.
 13941 | D:8      | Reached XP level 10. HP: 26/44 MP: 6/24
 14429 | D:8      | Reached skill level 10 in Dodging
 14557 | D:8      | Noticed Maggie
 14601 | D:8      | Killed Maggie
 15319 | D:9      | Reached skill level 11 in Poison Magic
 16425 | D:9      | Found a staircase to the Orcish Mines.
 16425 | D:9      | Noticed a boulder beetle
 16437 | D:9      | Killed a boulder beetle
 16438 | D:9      | Reached skill level 10 in Spellcasting
 16672 | D:8      | Became a worshipper of Vehumet
 17306 | D:10     | Entered Level 10 of the Dungeon
 17370 | D:10     | Reached skill level 12 in Poison Magic
 17431 | D:10     | Noticed a two-headed ogre
 17482 | D:10     | Killed a two-headed ogre
 17545 | D:10     | Noticed an orange demon
 17550 | D:10     | Reached XP level 11. HP: 47/47 MP: 3/26
 18184 | D:10     | Reached * piety under Vehumet
 18184 | D:10     | Offered knowledge of Foxfire by Vehumet.
 19170 | D:11     | Killed from afar by an acid dragon

Illustrated notes

Levels and vault maps discovered:
D:1:      dpeg_arrival_subterranean_lakeside_camping, layout_loops_ring
D:2:      layout_loops_ring, kennysheep_nub
D:3:      layout_loops_ring, uniq_ijyb, uniq_robin, uniq_jessica
D:4:      layout_basic, minmay_temple_entry_glassed_door,
          lightli_ossuary_entry_decrepit_ruins, uniq_sigmund
D:5:      layout_loops_ring, portal_sewer_entry_e
D:6:      layout_rooms
D:7:      layout_layer_cave, marbit_many_paths, mainiacjoe_overflow_paths,
          bloody_makhleb, serial_shops, nicolae_inconvenience_store,
          chequers_arboretum, minmay_misc_feat_plants
D:8:      layout_basic, chequers_temple_overflow_statue_of_worship,
          serial_corexii_hall, corexii_hall_statues_l, chequers_hall_statues_y,
          minmay_checkerbox, uniq_maggie
D:9:      layout_gridville, david_orc_2, nicolae_elevator_lobby_asterisk
D:10:     layout_irregular_city
D:11:     layout_cave_pools, lair_entry_dummy

Skill      XL: |  1  2  3  4  5  6  7  8  9 10 |
---------------+-------------------------------+-----
Dodging        | 3 4 5 6 8 9 11 | 11.9
Spellcasting   | 3 4 5 6 7 9 10 | 10.9
Poison Magic   | 4 5 6 7 8 10 12 | 12.7
Ranged Weapons | |  0.1
Stealth        | |  3.0
Transmutations | |  1.5

Action                   |  1- 3 |  4- 6 |  7- 9 | 10-12 || total
-------------------------+-------+-------+-------+-------++-------
Melee: Dagger            |     5 |    45 |    92 |       ||   142
       Punch             |       |     1 |     3 |       ||     4
       Staff             |       |       |       |    15 ||    15
 Fire: Sling             |       |       |       |    69 ||    69
 Cast: Sting             |    62 |    79 |    84 |   112 ||   337
       Poisonous Vapours |    19 |    63 |    97 |    65 ||   244
       Olgreb's Toxic Ra |       |     1 |    19 |    31 ||    51
Evoke: Wand              |       |       |       |    19 ||    19
Armor: Robe              |     6 |    16 |     3 |       ||    25
       Acid dragon scale |       |       |       |    18 ||    18
Dodge: Dodged            |    23 |   125 |   116 |   205 ||   469
